 Dungeon Crawl Stone Soup version 0.22-a0-160-gcc81d7a (webtiles) character file.

2734 mhoghedin the Covert (level 9, 3/76 HPs)
             Began as a Naga Venom Mage on Feb 10, 2018.
             Was a Follower of Sif Muna.
             Quit the game on level 8 of the Dungeon.
             The game lasted 00:22:05 (9198 turns).

mhoghedin the Covert (Naga Venom Mage)              Turns: 9198, Time: 00:22:06

Health: 3/76       AC: 12    Str: 10    XL:     9   Next: 67%
Magic:  3/13       EV: 10    Int: 19    God:    Sif Muna [*.....]
Gold:   361        SH:  0    Dex: 12    Spells: 1/14 levels left

rFire    . . .     SeeInvis +   b - +2 dagger (protect)
rCold    . . .     Gourm    .   (no shield)
rNeg     . . .     Faith    .   k - +1 robe
rPois    +         Spirit   .   (no helmet)
rElec    .         Reflect  .   (no cloak)
rCorr    +         Harm     .   (no gloves)
MR       +....                  (no barding)
Stlth    ++++......             (no amulet)
HPRegen  0.22/turn              s - ring of resist corrosion
MPRegen  0.13/turn              (no ring)

@: lethally poisoned (3 -> -20), short of breath, protection aura, divine
energy, very slow
A: large, see invisible, deformed body, poison resistance, slowness 2, slow
metabolism 1, spit poison 1, AC +3
a: Spit Poison, Stop Divine Energy, Renounce Religion


You were on level 8 of the Dungeon.
You worshipped Sif Muna.
Sif Muna was aware of your devotion.
You were not hungry.

You visited 2 branches of the dungeon, and saw 9 of its levels.
You also visited: Ossuary.

You collected 361 gold pieces.

Inventory:

Hand Weapons
 a - a +1 dagger of holy wrath
   (You took it off an orc wizard on level 5 of the Dungeon)
 b - a +2 dagger of protection (weapon)
   (You took it off a goblin on level 1 of the Dungeon)
 w - a +1 shortbow of freezing
   (You took it off a centaur on level 5 of the Dungeon)
Armour
 k - a +1 robe (worn)
Jewellery
 e - an uncursed ring of fire {rF+, rC-}
   (You took it off a goblin on level 1 of the Dungeon)
 s - a ring of resist corrosion (left hand)
   (You found it on level 3 of the Dungeon)
Wands
 o - a wand of flame (34)
   (You found it on level 5 of the Dungeon)
Scrolls
 d - 2 scrolls of magic mapping {!r}
 i - 2 scrolls of remove curse
 p - a scroll of blinking {!r}
 q - a scroll of teleportation
 r - 2 scrolls of amnesia
 y - a scroll of vulnerability {unknown}
Potions
 f - a potion of heal wounds
 h - 2 potions of flight
 j - a potion of haste {unknown}
 l - a potion of cancellation {unknown}
 n - a potion of mutation {!q}
Books
 g - a Young Poisoner's Handbook
 m - a book of Geomancy
   (You found it on level 6 of the Dungeon)
 t - a book of Minor Magic
   (You found it on level 3 of the Dungeon)
 v - a book of Maledictions
   (You found it on level 6 of the Dungeon)
Comestibles
 c - 3 rations
 u - 2 chunks of flesh {@w0}


   Skills:
 - Level 3.4 Fighting
 - Level 5.6 Short Blades
 - Level 1.5 Dodging
 - Level 10.5 Stealth
 - Level 3.3 Spellcasting
 - Level 2.7 Conjurations
 + Level 2.0 Hexes
 + Level 2.1 Ice Magic
 - Level 2.4 Air Magic
 - Level 9.2 Poison Magic


You had one spell level left.
You knew the following spells:

 Your Spells              Type           Power        Failure   Level  Hunger
a - Olgreb's Toxic Radia  Pois           #####...     3%          4    ####...
b - Poisonous Vapours     Pois/Air       ####..       1%          2    ##.....
c - Blink                 Tloc           N/A          22%         2    ##.....
d - Ensorcelled Hibernat  Hex/Ice        ##....       10%         2    ##.....
x - Mephitic Cloud        Conj/Pois/Air  ###.....     6%          3    ###....


Dungeon Overview and Level Annotations

Branches:
Dungeon (8/15)             Temple (1/1) D:6
   Lair: D:8-11

Altars:
Ashenzari
Cheibriados
Dithmenos
Elyvilon
Fedhas
Gozag
Hepliaklqana
Kikubaaqudgha
Makhleb
Qazlal
Sif Muna
Trog
Uskayaw
Vehumet
Wu Jian
Xom
Zin

Annotations:
D:3 Kavrick's ghost, amateur KoGl
D:7 Gildeon's ghost, novice HuFi
D:8 Erica


Innate Abilities, Weirdness & Mutations

You cannot wear boots.
Your serpentine skin is tough. (AC +3)
You have supernaturally acute eyesight. (SInv)
Armour fits poorly on your strangely shaped body.
Your system is resistant to poisons. (rPois)
You cover ground very slowly.
You have a slow metabolism.
You can spit poison.


Message History

Erica the Fiery-Tempered comes into view.
She is wielding a scimitar of flaming.
You begin to radiate toxic energy.
Erica is poisoned.
You kill the leopard gecko!
Sif Muna accepts your kill.
Erica drinks a potion.
Erica is healed!
Erica looks more healthy.
You now have 4/13 mp.
Erica is poisoned.
Erica gestures at you while chanting. The bolt of poison hits you! You resist.
You take 3 damage, and have 38/76 hp.
Aim: Erica, wielding a scimitar of flaming and wearing a robe (lightly wounded, poisoned)
The ball explodes into a vile cloud!
The stinking cloud engulfs Erica.
Your toxic aura wanes.
Something shouts, "Crawl home, thou fobbing swag-bellied mule!"
Erica is engulfed in noxious fumes.
You now have 1/13 mp.
The bullfrog skeleton hits you.
Erica is engulfed in noxious fumes.
Erica points at you and mumbles some strange words.
You resist with some effort.
The bullfrog skeleton hits you but does no damage.
You take 1 damage, and have 37/76 hp.
You hit Erica.
Your weapon exudes an aura of protection.
The bullfrog skeleton hits you but does no damage.
Erica is engulfed in noxious fumes.
Erica closely misses you.
Your magical contamination has completely faded away.
You are too injured to fight recklessly!
You hit Erica.
Erica looks more healthy.
The bullfrog skeleton hits you.
Erica is engulfed in noxious fumes.
Erica appears confused.
You take 4 damage, and have 33/76 hp.
The bullfrog skeleton barely misses you.
The bullfrog skeleton hits you but does no damage.
The bullfrog skeleton closely misses you.
A shadow imp comes into view.
Erica seems less confused.
Erica hits you with a scimitar of flaming.
Erica burns you.
Erica mumbles some strange words.
Erica flickers and vanishes for a moment.
You take 5 damage, and have 28/76 hp.
You hit Erica.
The bullfrog skeleton hits you but does no damage.
The shadow imp laughs crazily.
You barely miss Erica. The bullfrog skeleton misses you.
Erica hits you with a scimitar of flaming!
* * * LOW HITPOINT WARNING * * *
Erica burns you.
* * * LOW HITPOINT WARNING * * *
You take 11 damage, and have 17/76 hp.
Okay, then.
Unknown command.
You closely miss Erica.
The bullfrog skeleton hits you but does no damage.
Erica casts a spell at you. You resist with some effort.
You hit Erica.
The bullfrog skeleton closely misses you.
You hit Erica. The bullfrog skeleton hits you.
* * * LOW HITPOINT WARNING * * *
Erica closely misses you. The shadow imp barely misses you.
A jelly comes into view.
The jelly quivers.
You hit Erica.
The bullfrog skeleton hits you but does no damage.
You hit Erica.
Erica zaps a wand.
The bolt of acid misses you.
It is a wand of acid (9).
The shadow imp hits you but does no damage.
The bullfrog skeleton closely misses you.
You take 3 damage, and have 14/76 hp.
Aim: Erica, wielding a scimitar of flaming, wearing a robe and carrying a wand of acid (9) (heavily wounded, slightly transparent)
The splash of poison hits Erica.
Erica is poisoned.
You feel slightly more hungry.
The bullfrog skeleton barely misses you.
Erica points at you and mumbles some strange words.
The bolt of poison hits you!
You are poisoned.
You resist.
* * * LOW HITPOINT WARNING * * *
The shadow imp hits you but does no damage.
The bullfrog skeleton hits you.
* * * LOW HITPOINT WARNING * * *
You hit Erica.
* * * LOW HITPOINT WARNING * * *
You feel sick.
The shadow imp hits you but does no damage.
Erica casts a spell at you. The bolt of poison hits you!
You are more poisoned.
You resist.
You take 9 damage, and have 5/76 hp.
You hit Erica.
* * * LOW HITPOINT WARNING * * *
You feel sick.
The bullfrog skeleton hits you but does no damage.
Erica zaps a wand.
The bolt of acid misses you.
The shadow imp hits you but does no damage.
You take 2 damage, and have 3/76 hp.

#...... .#
#..... .#.
#....# ..
#....# .#
#..†.##.###
####.%.J.?...#
#....[.......#
#......5Z....#
#.......@#..##
#......@.#..#
#........#..#
#######..<..#
#.....#
#.....##.
###...#_...
##..##...
..##8..


You could see Erica (invisible), a jelly, a shadow imp and a bullfrog skeleton.

Vanquished Creatures
  The ghost of ThereIsNoGod the Digger, an amateur FoEE (D:5)
  An ice beast (D:7)
  An ogre (D:4)
  A black bear (D:6)
  A phantom (D:5)
  10 centaurs
  3 bullfrogs
  A water moccasin zombie (D:5)
  A scorpion (D:4)
  A crimson imp (D:5)
  2 centaur zombies (Ossuary)
  A bullfrog zombie (D:6)
  3 hounds
  A jelly (D:5)
  5 orc wizards
  A bullfrog skeleton (D:4)
  2 orc priests
  A gnoll shaman (D:4)
  3 iguanas
  5 worker ants
  A big kobold zombie (Ossuary)
  A hound zombie (Ossuary)
  3 mummies (Ossuary)
  11 adders
  10 gnolls
  2 oozes
  4 adder zombies (Ossuary)
  A worm (D:2)
  2 dart slugs (D:1)
  3 leopard geckos
  14 orcs
  3 giant cockroaches
  11 goblins
  6 hobgoblins
  8 jackals (D:1)
  2 quokkas
  A ball python (D:1)
  11 bats
  2 frilled lizards
  5 gnoll zombies (Ossuary)
  5 goblin zombies (Ossuary)
  2 hobgoblin zombies (Ossuary)
  A jackal skeleton (D:5)
  4 jackal zombies
  5 kobolds
  2 kobold zombies (Ossuary)
  2 orc zombies (Ossuary)
  5 quokka zombies (Ossuary)
  3 rats
  4 rat zombies (Ossuary)
179 creatures vanquished.

Notes
Turn   | Place    | Note
-------+----------+-------------------------------------------
     0 | D:1      | mhoghedin the Naga Venom Mage began the quest for the Orb.
     0 | D:1      | Reached XP level 1. HP: 15/15 MP: 3/3
    90 | D:1      | HP: 3/15 [kobold (1)]
   391 | D:1      | Reached XP level 2. HP: 22/22 MP: 5/5
   448 | D:1      | Learned a level 2 spell: Poisonous Vapours
   548 | D:1      | Reached XP level 3. HP: 10/28 MP: 6/6
   550 | D:1      | HP: 7/28 [frilled lizard (2)]
   551 | D:1      | Reached skill level 4 in Stealth
   791 | D:1      | Learned a level 3 spell: Mephitic Cloud
  1557 | D:2      | Reached XP level 4. HP: 36/36 MP: 3/8
  1630 | D:2      | Reached skill level 5 in Poison Magic
  1764 | D:2      | Reached skill level 3 in Spellcasting
  1785 | D:2      | Reached skill level 5 in Stealth
  1892 | D:2      | Reached XP level 5. HP: 26/42 MP: 5/9
  2372 | D:3      | Learned a level 2 spell: Blink
  2394 | D:3      | Noticed Kavrick's ghost (amateur KoGl)
  2852 | D:4      | Reached skill level 1 in Short Blades
  2852 | D:4      | Reached skill level 6 in Stealth
  2852 | D:4      | Reached XP level 6. HP: 45/49 MP: 10/10
  2873 | D:4      | Found a stormy altar of Qazlal.
  2879 | D:4      | Found a shattered altar of Ashenzari.
  2879 | D:4      | Found a burning altar of Makhleb.
  2882 | D:4      | Found a blossoming altar of Fedhas.
  2917 | D:4      | Reached skill level 2 in Short Blades
  2941 | D:4      | Found a sand-covered staircase.
  2955 | Ossuary  | Entered an ossuary
  3441 | Ossuary  | Reached skill level 7 in Stealth
  3613 | Ossuary  | Reached skill level 3 in Short Blades
  3613 | Ossuary  | Reached XP level 7. HP: 23/55 MP: 11/11
  3940 | D:4      | Reached skill level 8 in Stealth
  4471 | D:4      | Reached skill level 4 in Short Blades
  4643 | D:4      | Found a glowing silver altar of Zin.
  4855 | D:4      | Reached skill level 9 in Stealth
  5263 | D:4      | Reached XP level 8. HP: 18/62 MP: 3/12
  5740 | D:4      | Learned a level 4 spell: Olgreb's Toxic Radiance
  5762 | D:5      | Entered Level 5 of the Dungeon
  5929 | D:5      | Noticed ThereIsNoGod's ghost (amateur FoEE)
  6102 | D:6      | Found a shadowy altar of Dithmenos.
  6115 | D:6      | Reached skill level 5 in Short Blades
  6378 | D:6      | Found a staircase to the Ecumenical Temple.
  6385 | Temple   | Entered the Ecumenical Temple
  6519 | D:5      | Killed ThereIsNoGod's ghost
  6519 | D:5      | Reached skill level 10 in Stealth
  6597 | D:5      | Reached skill level 1 in Fighting
  6597 | D:5      | Reached skill level 6 in Poison Magic
  6848 | D:5      | Reached skill level 2 in Fighting
  6906 | D:5      | Reached skill level 3 in Fighting
  6906 | D:5      | Reached skill level 7 in Poison Magic
  7104 | D:5      | Reached XP level 9. HP: 76/76 MP: 13/13
  7436 | D:6      | HP: 17/76 [centaur/arrow (6)]
  7441 | D:6      | HP: 14/76 [centaur (5)]
  7771 | Temple   | Became a worshipper of Sif Muna the Loreminder
  8012 | D:6      | Reached skill level 8 in Poison Magic
  8151 | D:6      | Reached skill level 1 in Air Magic
  8291 | D:6      | Reached skill level 2 in Conjurations
  8291 | D:6      | Reached skill level 2 in Air Magic
  8291 | D:6      | Reached skill level 9 in Poison Magic
  8749 | D:7      | Learned a level 2 spell: Ensorcelled Hibernation
  8785 | D:7      | Reached skill level 1 in Hexes
  8785 | D:7      | Reached skill level 1 in Ice Magic
  8824 | D:7      | Noticed Gildeon's ghost (novice HuFi)
  8858 | D:7      | Reached * piety under Sif Muna
  8970 | D:8      | Found a snail-covered altar of Cheibriados.
  9161 | D:8      | Reached skill level 2 in Ice Magic
  9171 | D:8      | Reached skill level 2 in Hexes
  9179 | D:8      | Noticed Erica
  9189 | D:8      | HP: 19/76 [Erica/scimitar of flaming (9)]
  9195 | D:8      | HP: 8/76 [Erica/bolt of poison (6)]
  9197 | D:8      | HP: 3/76 [poisoned by Erica (bolt of poison)]
  9198 | D:8      | Quit the game

Vault maps used:
D:1:      sevenhm_arrival_forest_fort_large_4, serial_bayou_ford_a, hex_medium,
          amethyst_killhole
D:3:      serial_bayou, serial_bayou_crossing, serial_bayou_pond_a,
          serial_bayou_pond_c, serial_bayou_pond_e, serial_bayou_pond_b,
          serial_bayou_lake_a, glass_columns_a, minivault_19
D:4:      grunt_temple_overflow_open, zin_statuary, first_ration,
          nicolae_ossuary_entry_monument, grunt_tough_drop
D:6:      old_standard_altar, minmay_temple_entry_enclosed_plants, centaur_isle
D:7:      nicolae_ru_great_annihilating_truth
D:8:      nicolae_overflow_hidden_temple, serial_shops, shop_fountains,
          uniq_erica
Temple:   eino_temple_lava
Ossuary:  minmay_ossuary_two_tombs

Skill      XL: |  1  2  3  4  5  6  7  8  9 |
---------------+----------------------------+-----
Stealth        | 4 5 6 7 9 10 | 10.5
Poison Magic   | 5 7 9 |  9.2
Spellcasting   | 3 |  3.3
Short Blades   | 1 3 4 5 |  5.6
Fighting       | 3 |  3.4
Air Magic      | 2 |  2.4
Conjurations   | 2 |  2.7
Hexes          | 2 |  2.0
Ice Magic      | 2 |  2.1
Dodging        | |  1.5

Action                   |  1- 3 |  4- 6 |  7- 9 || total
-------------------------+-------+-------+-------++-------
Melee: Dagger            |   110 |   369 |   521 ||  1000
       Whip              |     3 |       |       ||     3
 Cast: Sting             |    14 |     2 |       ||    16
       Poisonous Vapours |     9 |    15 |    15 ||    39
       Mephitic Cloud    |       |     1 |    17 ||    18
       Olgreb's Toxic Ra |       |       |     5 ||     5
Invok: Divine Energy     |       |       |     1 ||     1
 Abil: Spit Poison       |     8 |     2 |     1 ||    11
Evoke: Wand              |       |       |    14 ||    14
  Use: Scroll            |       |     7 |     9 ||    16
       Potion            |       |     5 |     4 ||     9
 Stab: Distracted        |     1 |       |     1 ||     2
       Sleeping          |     4 |     7 |     9 ||    20
       Confused          |       |     1 |     8 ||     9
  Eat: Chunk             |     2 |     6 |     6 ||    14
       Ration            |       |       |     4 ||     4
Armor: Robe              |    42 |   162 |   192 ||   396
Dodge: Dodged            |    80 |   198 |   233 ||   511

Table legend:
 A = Spawn XP
 B = Non-spawn XP
 C = Spawn XP percentage of total XP
 D = Spawn monster count
 E = Non-spawn monster count
 F = Spawn count percentage of total count
 G = Total turns spent on level
                    A         B        C        D         E        F      G
               +---------+---------+-------+---------+---------+-------+---------
         Total |       0 |    3906 |   0.0 |       0 |     179 |   0.0 |  9198
               +---------+---------+-------+---------+---------+-------+---------
           D:1 |       0 |      69 |   0.0 |       0 |      35 |   0.0 |  1398
           D:2 |       0 |     138 |   0.0 |       0 |      13 |   0.0 |   823
           D:3 |       0 |      69 |   0.0 |       0 |      16 |   0.0 |   605
           D:4 |       0 |     686 |   0.0 |       0 |      23 |   0.0 |  2004
           D:5 |       0 |    1074 |   0.0 |       0 |      23 |   0.0 |  1096
           D:6 |       0 |    1202 |   0.0 |       0 |      18 |   0.0 |  1764
           D:7 |       0 |     327 |   0.0 |       0 |       8 |   0.0 |   235
           D:8 |       0 |      98 |   0.0 |       0 |       4 |   0.0 |   228
       Ossuary |       0 |     243 |   0.0 |       0 |      39 |   0.0 |   932
               +---------+---------+-------+---------+---------+-------+---------

Vault maps used:
D:1:      sevenhm_arrival_forest_fort_large_4, serial_bayou_ford_a, hex_medium,
          amethyst_killhole
D:3:      serial_bayou, serial_bayou_crossing, serial_bayou_pond_a,
          serial_bayou_pond_c, serial_bayou_pond_e, serial_bayou_pond_b,
          serial_bayou_lake_a, glass_columns_a, minivault_19
D:4:      grunt_temple_overflow_open, zin_statuary, first_ration,
          nicolae_ossuary_entry_monument, grunt_tough_drop
D:6:      old_standard_altar, minmay_temple_entry_enclosed_plants, centaur_isle
D:7:      nicolae_ru_great_annihilating_truth
D:8:      nicolae_overflow_hidden_temple, serial_shops, shop_fountains,
          uniq_erica
Temple:   eino_temple_lava
Ossuary:  minmay_ossuary_two_tombs

Table legend:
 A = Turns spent in this place as a percentage of turns spent in the entire game.
 B = Non-inter-level travel turns spent in this place as a percentage of non-inter-level travel turns spent in the entire game.
 C = Inter-level travel turns spent in this place as a percentage of turns spent in this place.
 D = Turns resting spent in this place as a percentage of non-inter-level travel turns spent in this place.
 E = Turns spent auto-exploring this place as a percentage of non-inter-level travel turns spent in this place.
 F = Non-inter-level travel turns spent in this place divided by the number of levels of this place that you've seen.
                   A       B       C       D       E      F
               +-------+-------+-------+-------+-------+----------------------
         Total | 100.0 | 100.0 |   2.8 |  40.2 |  33.8 | 894.5
       Dungeon |  88.6 |  88.6 |   2.8 |  39.6 |  36.2 | 990.1
        Temple |   1.2 |   1.0 |  18.6 |   0.0 |  56.5 |  92.0
       Ossuary |  10.1 |  10.4 |   0.0 |  49.9 |  11.1 | 932.0
               +-------+-------+-------+-------+-------+----------------------

Table legend:
 A = Kills in this place as a percentage of kills in entire the game.
 B = Kills by you in this place as a percentage of kills by you in the entire game.
 C = Kills by friends in this place as a percentage of kills by friends in the entire game.
 D = Other kills in this place as a percentage of other kills in the entire game.
 E = Experience gained in this place as a percentage of experience gained in the entire game.
 F = Experience gained in this place divided by the number of levels of this place that you have seen.
                   A       B       C       D       E      F
               +-------+-------+-------+-------+-------+----------------------
         Total | 100.0 | 100.0 |   N/A | 100.0 | 100.0 | 390.6
       Dungeon |  78.2 |  77.5 |   N/A | 100.0 |  93.8 | 457.9
       Ossuary |  21.8 |  22.5 |   N/A |   0.0 |   6.2 | 243.0
               +-------+-------+-------+-------+-------+----------------------
